 Dungeon Crawl Stone Soup version 0.23.2-33-g5129a83184 (webtiles) character file.

Game seed: 14707070604289678788

92535 psyvane the Bludgeoner (level 15, -1/136 HPs)
             Began as a Minotaur Berserker on June 29, 2019.
             Was a High Priest of Trog.
             Slain by an orc warlord
             ... wielding a +0 bardiche
              (20 damage)
             ... on level 1 of the Orcish Mines on June 30, 2019.
             The game lasted 01:41:47 (18227 turns).

psyvane the Bludgeoner (Minotaur Berserker)        Turns: 18227, Time: 01:41:47

Health: -1/136     AC: 25    Str: 21    XL:     15   Next: 58%
Magic:  16/16      EV: 11    Int:  4    God:    Trog [*****.]
Gold:   1654       SH:  0    Dex: 17    Spells: 14/14 levels left

rFire    + + .     SeeInvis .   P - +6 great mace (freeze)
rCold    . . .     Gourm    +   (shield currently unavailable)
rNeg     . . .     Faith    .   C - +0 plate armour
rPois    +         Spirit   .   j - +2 hat
rElec    +         Reflect  .   R - scarf {repulsion}
rCorr    .         Harm     .   S - +2 pair of gloves {archery}
MR       +++..                  b - +2 pair of boots
Stlth    ..........             e - amulet of the gourmand
HPRegen  1.32/turn              v - ring of protection from fire
MPRegen  0.15/turn              o - ring "Sympabri" {+Fly rElec rPois rF+}

@: berserk cooldown, very slightly contaminated, regenerating, slowed, repel
missiles, very slow
A: retaliatory headbutt, horns 2
a: Berserk, Trog's Hand, Brothers in Arms, Renounce Religion, Evoke Flight


You were on level 1 of the Orcish Mines.
You worshipped Trog.
Trog was extremely pleased with you.
You were not hungry.

You visited 3 branches of the dungeon, and saw 19 of its levels.
You also visited: Bailey and Volcano.

You collected 1654 gold pieces.

Inventory:

Hand Weapons
 u - the +7 flail of the Ass {drain, Int+3 Dex+3}
   (You found it on level 10 of the Dungeon)

   A truly terrible weapon, it drains the life of those it strikes.
   It affects your intelligence (+3).
   It affects your dexterity (+3).
 z - a +0 morningstar of holy wrath
 P - a +6 great mace of freezing (weapon)
Armour
 b - a +2 pair of boots (worn)
 j - a +2 hat (worn)
 x - the +3 robe "Celieh" {Str+4}
   (You found it on level 5 of the Dungeon)

   It affects your strength (+4).
 C - a +0 plate armour (worn)
 F - a +2 chain mail of fire resistance
 L - a +0 shield
 R - a scarf of repulsion (worn)
 S - a +2 pair of gloves of archery (worn)
 V - the cursed +0 fire dragon scales of Gluttony {+Fly rF++ rC- Str+2 Int+2, unknown}
   (You found it in a volcano)

   It affects your strength (+2).
   It affects your intelligence (+2).
   It greatly protects you from fire.
   It makes you vulnerable to cold.
   It lets you fly.
   It has a curse placed upon it.
Jewellery
 e - an amulet of the gourmand (around neck)
 k - an uncursed ring of ice
 m - a +1 ring of evasion
 o - the ring "Sympabri" (right hand) {+Fly rElec rPois rF+}
   (You found it on level 10 of the Dungeon)

   [ring of poison resistance]

   It protects you from fire.
   It insulates you from electricity.
   It protects you from poison.
   It lets you fly.
 p - an uncursed ring of protection from cold {unknown}
 t - an uncursed ring of resist corrosion {unknown}
 v - a ring of protection from fire (left hand)
 X - a +3 ring of slaying
Wands
 g - a wand of paralysis (11)
 n - a wand of disintegration (32)
 s - a wand of acid (22)
 w - a wand of random effects (18)
 y - a wand of polymorph (20)
 A - a wand of digging (1)
 N - a wand of flame (42)
Scrolls
 h - a scroll of fear
 l - a scroll of fog
 q - 6 scrolls of immolation
 r - 2 scrolls of identify
 D - 4 scrolls of remove curse
 Y - a scroll of teleportation
Potions
 a - 2 potions of magic
 d - 5 potions of brilliance
 f - 3 potions of haste
 i - 8 potions of curing
 E - a potion of resistance
 H - 3 potions of might
 U - 2 potions of agility
Comestibles
 c - 38 rations


   Skills:
 * Level 13.5 Fighting
 - Level 20.0 Maces & Flails
   Level 6.4 Polearms
 * Level 13.6 Armour
 * Level 7.8 Dodging
 * Level 8.7 Shields
 * Level 3.1 Evocations


You had 14 spell levels left.
You didn't know any spells.
Your spell library was empty.

Dungeon Overview and Level Annotations

Branches:
Dungeon (12/15)            Temple (0/1) D:7            Lair (6/6) D:11
 Shoals (0/4) Lair:4        Snake (0/4) Lair:3        Slime (0/5) Lair:5
    Orc (1/2) D:11

Altars:
Nemelex Xobeh
The Shining One

Shops:
D:4 [   D:5 :(*   D:7 :

Annotations:
D:4 3 runed translucent doors, troglodite's ghost, amateur DsMo
D:5 power mace
Lair:2 exclusion: 2 oklob plants


Innate Abilities, Weirdness & Mutations

You reflexively headbutt those who attack you in melee.
You have a pair of horns on your head.


Message History

The cyclops throws a large rock.
The large rock is repelled.
The warg bites you.
* * * LOW HITPOINT WARNING * * *
You see here 2 large rocks. 2 cyclopes come into view.
You feel the effects of Trog's Hand fading.
The cyclops shouts! x2
The ogre hits you but does no damage. The warg bites you but does no damage.
The cyclops moves out of view.
Found 19 gold pieces.
There is an open door here.
As you read the scroll of fog, it crumbles to dust.
The scroll dissolves into smoke.
The warg bites you but does no damage. The ogre hits you but does no damage.
A cyclops comes into view.
The orc warrior hits you but does no damage.
The warg bites you but does no damage.
The cyclops throws a large rock.
The large rock closely misses you.
The large rock barely misses the warg.
The orc warlord hits you from afar with a +0 bardiche!!
You die...

#....# #....#
#....#
#....#+#####
#..C.#.....#
#....#.....#.
#...o#§....C.
#...h@§§...'.
#..CO#§....'.
#..o.#.....#.
#†.).#.....#
##o###'#####
#o# C# #.##
.# #o.# C#
##.#
.......o...#.


You could see an orc warlord, 5 cyclopes, a warg, an orc warrior, an ogre, an
orc priest and an orc.

Vanquished Creatures
  A stone giant (Volcano)
  The ghost of slayr the Cruncher, a journeyman VSBe of Trog (Lair:6)
  An ettin (Orc:1)
  Harold (Lair:2)
  5 hydras
  Erica (D:11)
  3 two-headed ogres
  A catoblepas (Lair:6)
  Urug (Lair:2)
  A deep troll shaman (Lair:6)
  10 death yaks
  Nergalle (D:11)
  An unseen horror (D:11)
  Pikel (D:4)
  An orc knight (Orc:1)
  2 ugly things (D:12)
  2 elephants (Lair:6)
  3 gargoyles
  8 black mambas
  A molten gargoyle (Volcano)
  11 komodo dragons
  An efreet (Volcano)
  6 spiny frogs
  5 polar bears
  3 trolls
  Grinder (D:4)
  9 blink frogs
  11 hippogriffs
  16 dream sheep
  4 slime creatures (Lair:5)
  A shadow (D:12)
  A wyvern (Lair:1)
  35 yaks
  A fire elemental (Volcano)
  5 basilisks
  Grum (D:11)
  2 fire bats (Volcano)
  2 hungry ghosts (D:10)
  An acid dragon (D:12)
  5 nagas (Lair:3)
  10 porcupines
  2 wargs (Orc:1)
  22 water moccasins
  A hornet zombie (D:8)
  11 orc warriors
  3 sky beasts
  9 black bears
  4 phantoms
  26 wolves
  A necrophage (D:8)
  9 centaurs
  11 ogres
  12 crocodiles
  3 big kobolds
  12 bullfrogs
  2 wyvern zombies (D:10)
  2 earth elementals (Volcano)
  A gnoll sergeant (D:8)
  9 scorpions
  A water moccasin skeleton (D:7)
  5 howler monkeys
  6 lava snakes (Volcano)
  4 electric eels
  6 crimson imps
  4 hounds
  A quasit (D:10)
  A centaur zombie (D:8)
  2 bullfrog zombies (D:12)
  18 orc wizards
  5 jellies
  9 orc priests
  2 centaur skeletons
  4 bullfrog skeletons
  2 iguanas
  6 worker ants
  A hound zombie (D:6)
  A hound skeleton (D:5)
  2 worker ant zombies
  Robin (D:4)
  13 adders
  12 gnolls
  4 shadow imps
  An ooze (D:2)
  An adder zombie (D:4)
  An adder skeleton (D:8)
  A worm (D:2)
  6 dart slugs
  5 leopard geckos
  51 orcs
  A ball python (D:2)
  3 giant cockroaches
  16 goblins
  10 hobgoblins
  24 jackals
  30 kobolds
  6 quokkas
  11 bats
  5 frilled lizards
  8 rats
607 creatures vanquished.

Vanquished Creatures (collateral kills)
  A hydra (D:12)
  Fannar (D:11)
  A two-headed ogre (D:12)
  An unseen horror (D:11)
  An orc sorcerer (Orc:1)
  7 yaks
  4 wargs
  An orc warrior (D:11)
  3 ogres
  A scorpion (D:10)
  A wyvern skeleton (D:10)
  A bullfrog zombie (D:11)
  An orc wizard (Orc:1)
  2 orc priests
  5 orcs
31 creatures vanquished.

Vanquished Creatures (others)
  Eustachio (D:4)
  An orc wizard (D:11)
  A worm (D:4)
  A kobold (D:10)
  6 fungi
  4 plants
14 creatures vanquished.

Grand Total: 652 creatures vanquished

Notes
Turn   | Place    | Note
-------+----------+-------------------------------------------
     0 | D:1      | psyvane the Minotaur Berserker began the quest for the Orb.
     0 | D:1      | Reached XP level 1. HP: 19/19 MP: 0/0
    20 | D:1      | Reached XP level 2. HP: 22/27 MP: 1/1
    76 | D:1      | Reached skill level 4 in Maces & Flails
   359 | D:1      | Reached XP level 3. HP: 4/33 MP: 2/2
   640 | D:1      | Reached ** piety under Trog
   704 | D:1      | Reached skill level 5 in Maces & Flails
   794 | D:1      | Found a glowing golden altar of the Shining One.
  1240 | D:2      | Reached XP level 4. HP: 36/40 MP: 3/3
  1531 | D:2      | Reached skill level 6 in Maces & Flails
  2022 | D:3      | Reached XP level 5. HP: 46/46 MP: 4/4
  2024 | D:3      | Reached *** piety under Trog
  2024 | D:3      | Reached skill level 7 in Maces & Flails
  2428 | D:4      | Noticed Robin
  2444 | D:4      | Killed Robin
  2452 | D:4      | Reached XP level 6. HP: 32/52 MP: 5/5
  2562 | D:4      | Reached skill level 8 in Maces & Flails
  2623 | D:4      | Found a runed translucent gate.
  2623 | D:4      | Found a runed translucent gate.
  2623 | D:4      | Found a runed translucent gate.
  2910 | D:4      | Found Icoicet's Antique Armour Emporium.
  3020 | D:4      | Reached skill level 9 in Maces & Flails
  3027 | D:4      | Reached XP level 7. HP: 49/58 MP: 6/6
  3067 | D:4      | Noticed Grinder
  3068 | D:4      | Paralysed by Grinder for 3 turns
  3083 | D:4      | Paralysed by Grinder for 3 turns
  3089 | D:4      | Killed Grinder
  3089 | D:4      | Reached skill level 10 in Maces & Flails
  3184 | D:4      | Noticed Pikel
  3192 | D:4      | Reached skill level 1 in Shields
  3192 | D:4      | Noticed Eustachio
  3195 | D:4      | Reached **** piety under Trog
  3201 | D:4      | Killed Pikel
  3201 | D:4      | Reached XP level 8. HP: 47/66 MP: 7/7
  3215 | D:4      | Killed Eustachio
  3690 | D:4      | Noticed troglodite's ghost (amateur DsMo)
  3722 | D:5      | Entered Level 5 of the Dungeon
  3729 | D:5      | Found Cukib's Weapon Emporium.
  3733 | D:5      | Got a distressingly furry robe
  3778 | D:5      | power mace
  3830 | D:5      | Found Zojistav's Assorted Antiques.
  4164 | D:5      | Reached skill level 11 in Maces & Flails
  4255 | D:5      | Found Isiycy's Book Shoppe.
  4285 | D:5      | Identified the +3 robe "Celieh" {Str+4} (You found it on
                  | level 5 of the Dungeon)
  4936 | D:6      | Reached XP level 9. HP: 68/71 MP: 8/8
  5199 | D:6      | Reached skill level 12 in Maces & Flails
  5773 | D:7      | Reached skill level 13 in Maces & Flails
  5778 | D:7      | Reached ***** piety under Trog
  6029 | D:7      | Reached skill level 14 in Maces & Flails
  6416 | D:7      | Found a staircase to the Ecumenical Temple.
  6534 | D:7      | Found Asaeqeck's Book Shoppe.
  6691 | D:8      | Reached XP level 10. HP: 50/78 MP: 9/9
  6936 | D:8      | Reached skill level 15 in Maces & Flails
  7732 | D:9      | Found a sparkling altar of Nemelex Xobeh.
  7833 | D:9      | Noticed a two-headed ogre
  7837 | D:9      | Killed a two-headed ogre
  7837 | D:9      | Reached skill level 16 in Maces & Flails
  8262 | D:10     | Entered Level 10 of the Dungeon
  8441 | D:10     | Reached skill level 5 in Fighting
  8448 | D:10     | Reached skill level 5 in Armour
  8476 | D:10     | Got a scintillating ivory ring
  8477 | D:10     | Identified the ring "Sympabri" {+Fly rElec rPois rF+} (You
                  | found it on level 10 of the Dungeon)
  8539 | D:10     | Got a twisted flail
  8540 | D:10     | Identified the +7 flail of the Ass {drain, Int+3 Dex+3}
                  | (You found it on level 10 of the Dungeon)
  8735 | D:10     | Reached XP level 11. HP: 80/89 MP: 10/10
  8938 | D:11     | Found a staircase to the Lair.
  8940 | D:11     | Noticed Fannar
  8957 | D:11     | Killed an unseen horror
  8958 | D:11     | Received a gift from Trog
  8962 | D:11     | Killed Fannar
  9146 | D:11     | Noticed Nergalle
  9153 | D:11     | Killed Nergalle
  9164 | D:11     | Killed an unseen horror
  9228 | D:11     | Noticed Grum
  9243 | D:11     | Killed Grum
  9317 | D:11     | Found a staircase to the Orcish Mines.
  9318 | D:11     | Noticed a five-headed hydra
  9330 | D:11     | Killed a five-headed hydra
  9477 | D:11     | Found a flagged portal.
  9496 | Bailey   | Entered a bailey
  9526 | Bailey   | Identified the +5 scimitar "Wariax" {flame, rC++}
  9553 | Bailey   | Reached skill level 5 in Dodging
  9910 | D:11     | Noticed a two-headed ogre
  9911 | D:11     | Noticed Erica
  9914 | D:11     | Killed a two-headed ogre
  9914 | D:11     | Received a gift from Trog
  9920 | D:11     | Killed Erica
 10102 | D:12     | Noticed a two-headed ogre
 10102 | D:12     | Noticed a brown ugly thing
 10110 | D:12     | Killed a two-headed ogre
 10110 | D:12     | Reached XP level 12. HP: 106/106 MP: 11/11
 10113 | D:12     | Reached skill level 10 in Fighting
 10113 | D:12     | Reached skill level 10 in Armour
 10215 | D:12     | Noticed a seven-headed hydra
 10215 | D:12     | Noticed a two-headed ogre
 10227 | D:12     | Killed a six-headed hydra
 10228 | D:12     | Killed a two-headed ogre
 10866 | Lair:1   | Entered Level 1 of the Lair of Beasts
 11646 | Lair:2   | Noticed Harold
 11661 | Lair:2   | Killed Harold
 11859 | Lair:2   | Received a gift from Trog
 12097 | Lair:2   | Noticed Urug
 12110 | Lair:2   | Killed Urug
 12137 | Lair:2   | Reached XP level 13. HP: 66/118 MP: 12/12
 12248 | Lair:2   | Reached skill level 17 in Maces & Flails
 13162 | Lair:3   | Found a dark tunnel.
 13200 | Volcano  | Entered a volcano
 13514 | Volcano  | Found a radiant altar of Vehumet.
 13517 | Volcano  | Reached skill level 18 in Maces & Flails
 13606 | Volcano  | Got a polished scale mail
 13636 | Volcano  | Noticed a stone giant
 13644 | Volcano  | Killed a stone giant
 13708 | Volcano  | Got crude fire dragon scales
 13943 | Lair:3   | Received a gift from Trog
 14006 | Lair:3   | Found a staircase to the Snake Pit.
 14213 | Lair:3   | Identified the Collected Works on the Enthralling Frostbite
 14699 | Lair:4   | Reached skill level 19 in Maces & Flails
 14720 | Lair:4   | You fall through a shaft for 2 floors!
 14720 | Lair:6   | Entered Level 6 of the Lair of Beasts
 14976 | Lair:4   | Found a staircase to the Shoals.
 15437 | Lair:4   | Reached skill level 20 in Maces & Flails
 15441 | Lair:4   | Reached skill level 1 in Polearms
 15441 | Lair:4   | Reached XP level 14. HP: 126/126 MP: 13/13
 15979 | Lair:5   | Reached skill level 5 in Polearms
 16103 | Lair:5   | Received a gift from Trog
 16229 | Lair:5   | Found a staircase to the Slime Pits.
 16521 | Lair:5   | Reached XP level 15. HP: 134/134 MP: 13/15
 16706 | Lair:5   | You fall through a shaft!
 16841 | Lair:6   | Found a large runed translucent door.
 16841 | Lair:6   | Found a large runed translucent door.
 16843 | Lair:6   | Noticed slayr's ghost (journeyman VSBe)
 16859 | Lair:6   | Killed slayr's ghost
 18125 | Orc:1    | Entered Level 1 of the Orcish Mines
 18165 | Orc:1    | Noticed an orc warlord
 18227 | Orc:1    | Slain by an orc warlord

Skill      XL: |  1  2  3  4  5  6  7  8  9 10 11 12 13 14 15 |
---------------+----------------------------------------------+-----
Maces & Flails | 4 5 6 7 9 10 11 14 16 20 | 20.0
Shields        | 6 7 8 |  8.7
Fighting       | 5 9 12 13 | 13.5
Armour         | 5 9 12 13 | 13.6
Dodging        | 3 5 6 7 |  7.8
Polearms       | 1 6 |  6.4
Evocations     | 2 3 |  3.1

Action                   |  1- 3 |  4- 6 |  7- 9 | 10-12 | 13-15 || total
-------------------------+-------+-------+-------+-------+-------++-------
Melee: Mace              |    68 |   147 |   199 |       |       ||   414
       Headbutt          |     7 |    20 |    60 |   130 |   110 ||   327
       Flail             |       |       |     9 |   388 |       ||   397
       Morningstar       |       |       |    85 |   163 |       ||   248
       Great mace        |       |       |       |    28 |   559 ||   587
Invok: Berserk           |     3 |     5 |    10 |    18 |    18 ||    54
       Trog's Hand       |       |     1 |     3 |     8 |     6 ||    18
       Brothers in Arms  |       |       |       |     4 |     3 ||     7
Evoke: Wand              |       |       |       |       |     1 ||     1
  Use: Scroll            |     4 |     9 |     7 |    12 |    13 ||    45
       Potion            |       |     2 |     2 |     7 |     7 ||    18
 Stab: Sleeping          |       |     1 |       |       |       ||     1
       Distracted        |       |       |       |       |     1 ||     1
  Eat: Chunk             |     6 |    10 |    27 |    43 |    35 ||   121
       Ration            |       |       |     1 |     1 |       ||     2
Armor: Animal skin       |    11 |       |       |       |       ||    11
       Ring mail         |       |    50 |    70 |    12 |       ||   132
       Chain mail        |       |       |       |   129 |       ||   129
       Plate armour      |       |       |       |   152 |   405 ||   557
Dodge: Dodged            |    74 |    73 |   130 |   244 |   297 ||   818
       Deflected         |       |       |       |       |    16 ||    16
Block: Buckler           |       |       |    56 |   153 |       ||   209
